[Event "2nd Bundesliga Nord 2023-24"]
[Site "Hamburg"]
[Date "2024.02.04"]
[Round "6.1"]
[White "Lubbe, Nikolas"]
[Black "Feuerstack, Aljoscha"]
[Result "1-0"]
[ECO "D30"]
[WhiteElo "2500"]
[BlackElo "2467"]
[Annotator "RC"]
[PlyCount "81"]
[EventDate "2023.11.30"]
[EventType "team-tourn"]
[EventCountry "GER"]
[SourceTitle "playchess.com"]
[Source "ChessBase"]
[SourceQuality "1"]
[TimeControl "40/6000+30:3000+30"]

1. d4 d5 2. Nf3 Nf6 3. c4 e6 4. e3 a6 5. b3 c5 6. Nbd2 cxd4 7. exd4 Bb4 8. Bb2 O-O 9. a3 Bxd2+ 10. Qxd2 dxc4 11. bxc4 b5 12. c5 Bb7 13. Be2 Ne4 14. Qf4 Qa5+ 15. Kf1 Nd7 16. h4 e5 17. dxe5 Ndxc5 18. Qe3 Rfd8 19. Kg1 Qa4 20. Nd4 Qa5 21. Rd1 Na4 22. Ba1 Nac3 23. Rd3 Nxe2+ 24. Qxe2 b4 25. Rhh3 Rac8 26. Nb3 Qb6 27. axb4 Qxb4 28. Qd1 Qb6 29. Bd4 Qg6 30. h5 Qg5 31. f3 Rxd4 32. Rxd4 Nc3 33. Qd2 h6 34. f4 Qg4 35. Re3 Kh7 36. Qd3+ g6 37. hxg6+ Kg7 38. Qd2 Qxg6 39. f5 Qg5 40. Kh2 Kh8 41. Rh3 1-0

[Event "2nd Bundesliga Nord 2023-24"]
[Site "Hamburg"]
[Date "2024.02.04"]
[Round "6.2"]
[White "Krause, Benedict"]
[Black "Peyrer, Konstantin"]
[Result "1-0"]
[ECO "C50"]
[WhiteElo "2402"]
[BlackElo "2439"]
[Annotator "RC"]
[PlyCount "55"]
[EventDate "2023.11.30"]
[EventType "team-tourn"]
[EventCountry "GER"]
[SourceTitle "playchess.com"]
[Source "ChessBase"]
[SourceQuality "1"]
[TimeControl "40/6000+30:3000+30"]

1. e4 e5 2. Nf3 Nc6 3. Bc4 d6 4. a4 f5 5. d3 Qf6 6. Nc3 Nge7 7. Nb5 Kd7 8. d4 a6 9. dxe5 Nxe5 10. Nxe5+ Qxe5 11. Nc3 fxe4 12. O-O Ke8 13. Re1 Bf5 14. Be3 Rd8 15. Bd4 Qf4 16. Nd5 Nxd5 17. Bxd5 c6 18. g3 Qg5 19. Bxe4 Kd7 20. Qf3 Be6 21. Bxc6+ bxc6 22. Rxe6 Kxe6 23. Re1+ Kd7 24. Qf7+ Kc8 25. Bb6 Rd7 26. Re8+ Kb7 27. Qxd7+ Kxb6 28. b4 1-0

[Event "2nd Bundesliga Nord 2023-24"]
[Site "Hamburg"]
[Date "2024.02.04"]
[Round "6.3"]
[White "Souleidis, Georgios"]
[Black "Ertan, Can"]
[Result "1-0"]
[ECO "C50"]
[WhiteElo "2414"]
[BlackElo "2358"]
[Annotator "ChessBase"]
[PlyCount "109"]
[EventDate "2023.11.30"]
[EventType "team-tourn"]
[EventCountry "GER"]
[SourceTitle "playchess.com"]
[Source "ChessBase"]
[SourceQuality "1"]
[TimeControl "40/6000+30:3000+30"]

1. e4 e5 2. Nf3 Nc6 3. Bc4 Bc5 4. d3 Nf6 5. a4 a5 6. Be3 Bxe3 7. fxe3 d5 8. exd5 Nxd5 9. Qd2 O-O 10. Nc3 Be6 11. O-O h6 12. Rad1 Qd6 13. Nxd5 Bxd5 14. Qc3 Rad8 15. Bb5 Nb4 16. Nxe5 Nxc2 17. Nxf7 Qe6 18. Qxc2 Qxe3+ 19. Kh1 Rxf7 20. Rxf7 Bxf7 21. Qxc7 Rd4 22. Qxb7 Rf4 23. Bc4 Bxc4 24. dxc4 Qe2 25. Qd5+ Kh7 26. h3 Qxc4 27. Qxc4 Rxc4 28. b3 Rc3 29. Rd5 Rxb3 30. Rxa5 Ra3 31. h4 Kg6 32. h5+ Kf6 33. Kh2 Ra2 34. Kh3 Ke6 35. g3 Ra3 36. Kg4 Ra1 37. Ra6+ Kf7 38. a5 Ra3 39. Kf4 Ra1 40. g4 Rf1+ 41. Ke4 Ra1 42. Kd5 Ra4 43. Kc6 Rxg4 44. Rb6 Rh4 45. a6 Rxh5 46. a7 Ra5 47. Kb7 Rxa7+ 48. Kxa7 h5 49. Ka6 h4 50. Kb5 h3 51. Kc4 h2 52. Rb1 Kf6 53. Kd3 Kg5 54. Ke3 Kg4 55. Kf2 1-0

[Event "2nd Bundesliga Nord 2023-24"]
[Site "Hamburg"]
[Date "2024.02.04"]
[Round "6.4"]
[White "Sawatzki, Frank"]
[Black "Colpe, Malte"]
[Result "1-0"]
[ECO "B92"]
[WhiteElo "2352"]
[BlackElo "2383"]
[Annotator "RC"]
[PlyCount "103"]
[EventDate "2023.11.30"]
[EventType "team-tourn"]
[EventCountry "GER"]
[SourceTitle "playchess.com"]
[Source "ChessBase"]
[SourceQuality "1"]
[TimeControl "40/6000+30:3000+30"]

1. e4 c5 2. Nf3 d6 3. d4 cxd4 4. Nxd4 Nf6 5. Nc3 a6 6. Be2 e5 7. Nf3 Be7 8. Bg5 O-O 9. Bxf6 Bxf6 10. O-O Be6 11. Nd5 Nd7 12. Bc4 Rc8 13. Qe2 Nb6 14. Nxb6 Qxb6 15. Bb3 Rc5 16. Rfd1 Be7 17. Bxe6 fxe6 18. c3 Rf4 19. g3 Rf7 20. Ne1 Rc8 21. Kg2 Qc6 22. Nd3 Rcf8 23. Rf1 Qc4 24. f3 Bd8 25. a3 Bf6 26. Rae1 Re8 27. f4 exf4 28. Rxf4 Ref8 29. Ref1 Qb5 30. h4 g6 31. R1f2 Be5 32. Rxf7 Rxf7 33. Rxf7 Kxf7 34. c4 Qa5 35. c5 Ke7 36. Qe3 Kd7 37. Nxe5+ dxe5 38. Qd3+ Kc8 39. Qd6 Qc7 40. Qxe6+ Kb8 41. Qd5 Ka7 42. Kf3 h5 43. b4 Qe7 44. Ke2 Qe8 45. Kd2 Qe7 46. c6 Qf6 47. c7 Qf2+ 48. Kc3 Qe3+ 49. Qd3 Qc1+ 50. Qc2 Qxa3+ 51. Kc4 b5+ 52. Kd5 1-0

[Event "2nd Bundesliga Nord 2023-24"]
[Site "Hamburg"]
[Date "2024.02.04"]
[Round "6.5"]
[White "Woelk, Tom-Frederic"]
[Black "Voigt, Martin"]
[Result "0-1"]
[ECO "D35"]
[WhiteElo "2393"]
[BlackElo "2316"]
[Annotator "ChessBase"]
[PlyCount "50"]
[EventDate "2023.11.30"]
[EventType "team-tourn"]
[EventCountry "GER"]
[SourceTitle "playchess.com"]
[Source "ChessBase"]
[SourceQuality "1"]
[TimeControl "40/6000+30:3000+30"]

1. d4 d5 2. c4 e6 3. Nc3 Nf6 4. cxd5 exd5 5. Bg5 c6 6. e3 Bd6 7. Bd3 O-O 8. Qc2 h6 9. Bh4 Re8 10. Nge2 a5 11. h3 Na6 12. a3 Nc7 13. O-O Ne6 14. f3 Ng5 15. e4 Nfxe4 16. fxe4 Nxh3+ 17. gxh3 Qxh4 18. Rf2 Bxh3 19. exd5 cxd5 20. Bf5 Re3 21. Rd1 Bg3 22. Rdf1 Bxf1 23. Nxg3 Rxg3+ 24. Kxf1 Qh1+ 25. Ke2 Re8+ 0-1

[Event "2nd Bundesliga Nord 2023-24"]
[Site "Hamburg"]
[Date "2024.02.04"]
[Round "6.6"]
[White "Mueller, Fabian"]
[Black "Garner, Isaac"]
[Result "1-0"]
[ECO "E15"]
[WhiteElo "2286"]
[BlackElo "2303"]
[Annotator "ChessBase"]
[PlyCount "127"]
[EventDate "2023.11.30"]
[EventType "team-tourn"]
[EventCountry "GER"]
[SourceTitle "playchess.com"]
[Source "ChessBase"]
[SourceQuality "1"]
[TimeControl "40/6000+30:3000+30"]

1. d4 Nf6 2. c4 e6 3. Nf3 b6 4. g3 Ba6 5. b3 Bb4+ 6. Bd2 Be7 7. Bg2 d5 8. Ne5 c6 9. Bc3 Nfd7 10. Nxd7 Nxd7 11. Nd2 O-O 12. O-O f5 13. Qc2 Rc8 14. Rfd1 Nf6 15. Bb2 h5 16. Nf3 Bd6 17. Ne5 h4 18. Qd2 hxg3 19. hxg3 Ne4 20. Qe3 b5 21. Rac1 bxc4 22. bxc4 Bxe5 23. dxe5 Qb6 24. Ba3 Qxe3 25. fxe3 Rfe8 26. Bxe4 fxe4 27. cxd5 exd5 28. Bd6 Bxe2 29. Rd2 Bb5 30. Rf2 Rcd8 31. a4 Bc4 32. Rb1 Rd7 33. Kg2 Bd3 34. Rc1 Bc4 35. Rb1 Bd3 36. Rc1 Rc8 37. g4 Rf7 38. e6 Rf6 39. Rxf6 gxf6 40. Kg3 Bc4 41. Kf4 Bb3 42. Kf5 d4 43. exd4 Re8 44. e7 Kf7 45. Kxe4 Bxa4 46. Ra1 Bc2+ 47. Kf4 Bb3 48. Rxa7 Bd5 49. Ra3 Rg8 50. Rc3 Ke8 51. Re3 Kf7 52. Bc5 Be6 53. g5 fxg5+ 54. Ke5 g4 55. Kd6 Bf5 56. Re5 Bc8 57. Kxc6 g3 58. Re3 Bf5 59. Rf3 Ke6 60. d5+ Ke5 61. Bd6+ Ke4 62. Rf4+ Kd3 63. Rxf5 g2 64. Bh2 1-0

[Event "2nd Bundesliga Nord 2023-24"]
[Site "Hamburg"]
[Date "2024.02.04"]
[Round "6.7"]
[White "Hommer, Jeremy"]
[Black "Jahncke, Giso"]
[Result "0-1"]
[ECO "C50"]
[WhiteElo "2307"]
[BlackElo "2245"]
[Annotator "ChessBase"]
[PlyCount "76"]
[EventDate "2023.11.30"]
[EventType "team-tourn"]
[EventCountry "GER"]
[SourceTitle "playchess.com"]
[Source "ChessBase"]
[SourceQuality "1"]
[TimeControl "40/6000+30:3000+30"]

1. e4 e5 2. Nf3 Nc6 3. Bc4 Nf6 4. d3 Bc5 5. Nc3 h6 6. h3 a5 7. g4 d6 8. g5 hxg5 9. Nxg5 Rf8 10. Be3 Nd4 11. Ne2 c6 12. a4 Qe7 13. Bxd4 exd4 14. Qd2 Bd7 15. c3 dxc3 16. bxc3 d5 17. exd5 cxd5 18. Bb3 O-O-O 19. d4 Bd6 20. Qe3 Rde8 21. Kd2 Qd8 22. Qf3 Ne4+ 23. Nxe4 dxe4 24. Qh5 f5 25. Bd5 f4 26. Rab1 e3+ 27. fxe3 fxe3+ 28. Ke1 Rf5 29. Bxb7+ Kc7 30. Qg4 Rf1+ 31. Rxf1 Bxg4 32. hxg4 Qh4+ 33. Kd1 Qh7 34. Rf5 Rb8 35. Be4 Rxb1+ 36. Bxb1 Qh1+ 37. Kc2 Qe1 38. Rf7+ Kd8 0-1

[Event "2nd Bundesliga Nord 2023-24"]
[Site "Hamburg"]
[Date "2024.02.04"]
[Round "6.8"]
[White "Thieme, Daniel Otis"]
[Black "Lubbe, Melanie"]
[Result "0-1"]
[ECO "E62"]
[WhiteElo "2103"]
[BlackElo "2227"]
[Annotator "ChessBase"]
[PlyCount "62"]
[EventDate "2023.11.30"]
[EventType "team-tourn"]
[EventCountry "GER"]
[SourceTitle "playchess.com"]
[Source "ChessBase"]
[SourceQuality "1"]
[TimeControl "40/6000+30:3000+30"]

1. d4 Nf6 2. c4 g6 3. Nf3 Bg7 4. g3 d6 5. Bg2 O-O 6. O-O c6 7. Nc3 Qb6 8. b3 Qa5 9. Bb2 Qh5 10. Re1 Bh3 11. Bh1 e5 12. e4 Bg4 13. d5 Nfd7 14. Ba3 f5 15. Re3 Bh6 16. Rd3 c5 17. Qe2 Nf6 18. exf5 gxf5 19. Nb5 e4 20. Nc7 Nbd7 21. Rc3 Ne5 22. Nxa8 Rxa8 23. Bb2 Bxf3 24. Bxf3 exf3 25. Qf1 Ne4 26. Rc2 Nd2 27. Rxd2 Bxd2 28. Bxe5 dxe5 29. Qd3 e4 30. Qxd2 Qh3 31. Qg5+ Kf7 0-1